 Dungeon Crawl Stone Soup version 0.28.0 (webtiles) character file.

Game seed: 1642915736209311506

70 HallandMoats the Skirmisher (level 4, -2/52 HPs)
             Began as a Demonspawn Fighter on Feb 6, 2022.
             Slain by an orc wizard (3 damage)
             ... on level 3 of the Dungeon.
             The game lasted 00:02:36 (1993 turns).

HallandMoats the Skirmisher (Demonspawn Fighter)    Turns: 1993, Time: 00:02:37

Health: -2/52      AC: 22    Str: 18    XL:     4   Next: 3%
Magic:  5/5        EV:  2    Int: 10    God:
Gold:   92         SH:  0    Dex: 12    Spells: 3/3 levels left

rFire   . . .      SeeInvis .   a - +0 war axe
rCold   . . .      Faith    .   c - +0 buckler
rNeg    . . .      Spirit   .   (armour currently unavailable)
rPois   +          Reflect  .   (helmet currently unavailable)
rElec   .          Harm     .   (cloak currently unavailable)
rCorr   .          Rampage  .   (gloves currently unavailable)
Will    .....      NoTele   +   (boots currently unavailable)
Stlth   +.........              (no amulet)
HPRegen 0.17/turn               (no ring)
MPRegen 0.09/turn               (no ring)

@: confused, tree-form (expiring), on berserk cooldown, slowed, very slow
A: stationary, stasis, torment immunity, boosted hp, (molten scales 1), powered
by death 1
a: no special abilities


You were on level 3 of the Dungeon.
You were a tree.
You visited 1 branch of the dungeon, and saw 3 of its levels.

You collected 92 gold pieces.

Inventory:

Hand Weapons
 a - a +0 war axe (weapon)
Armour
 b - a +0 scale mail (melded)
 c - a +0 buckler (worn)
Scrolls
 e - 4 scrolls of holy word {unknown}
 h - a scroll of enchant armour {unknown}
 i - 2 scrolls of fear {unknown}
 k - a scroll of fog {unknown}
 n - a scroll of vulnerability {unknown}
 p - 3 scrolls of teleportation {unknown}
Potions
 d - 2 potions of might
 f - a potion of haste {unknown}
 g - a potion of resistance {unknown}
 j - a potion of lignification
 l - a potion of curing {unknown}
 m - a potion of brilliance {unknown}
 o - 2 potions of berserk rage


   Skills:
 * Level 3.5 Fighting
 * Level 2.2 Axes
 + Level 3.0 Armour
 + Level 0.8 Dodging
 + Level 2.9 Shields
 * Level 2.1 Invocations


You had 3 spell levels left.
You didn't know any spells.
Your spell library contained the following spells:

 Spells                   Type           Power      Damage    Failure   Level
 Call Canine Familiar     Summ           0%         N/A       83%         3
 Portal Projectile        Hex/Tloc       0%         N/A       83%         3
 Leda's Liquefaction      Hex/Erth       0%         N/A       99%         4


Dungeon Overview and Level Annotations

Branches:
Dungeon (3/15)

Altars:
Ashenzari


Innate Abilities, Weirdness & Mutations

You are a tree.
Your roots penetrate the ground, keeping you stationary.
You cannot be teleported.
You are immune to unholy pain and torment.
Your maximum health is greatly increased.
Your equipment is partially melded.
((You are partially covered in molten scales. (AC +2)))
You regenerate a little health from kills.


Message History

Something hits you but does no damage.
You hit something. Something hits you but does no damage.
You miss something.
You hear some strange, mumbled words.
You are confused.
The orc throws a boomerang.
The boomerang hits you.
* * * LOW HITPOINT WARNING * * *
You attack the rock wall.
Something hits you but does no damage. x2
It was a potion of berserk rage.
A red film seems to cover your vision as you go berserk!
You feel yourself moving faster!
You feel mighty!
You hear some strange, mumbled words.
You are more confused.
You attack the rock wall.
You feel a strong urge to attack something.
The orc throws a boomerang.
The boomerang hits you but does no damage.
You hear some strange, mumbled words.
A puff of flame appears from out of thin air!
The puff of flame hits you but does no damage.
You attack the rock wall.
You hear some strange, mumbled words.
You are more confused.
You attack the rock wall.
You feel your anger nearly subside.
You are no longer berserk.
You are exhausted.
You feel yourself slow down. Something hits you.
* * * LOW HITPOINT WARNING * * *
You miss something.
Your transformation is almost over.
Something hits you but does no damage. x2
You attack the rock wall.
Something hits you but does no damage. x2
You attack the rock wall.
Something hits you but does no damage.
The orc throws a boomerang.
Something hits you.
* * * LOW HITPOINT WARNING * * *
The orc throws a boomerang.
The boomerang hits you but does no damage.
You completely miss something. Something hits you but does no damage.
Something hits you.
You die...

#......_.....#
#..#.......#.#
#..#.....†.#.#
#..##.....##.# #. #+#
##.####.####.# #..
#.#######...........#
#.#
#.............###...#
###..##.#############
#.#.#
........o{♣.......
...#.#
####..#.##########
#####.# ........# #.#
..###.)o# #.# .
#...o..# #.#
#......... #.#
#.....!....# #.#
#...>......# #.#
#......##### #.#


You could see an orc.

Vanquished Creatures
  An adder (D:2)
  An adder skeleton (D:2)
  4 dart slugs
  2 orcs (D:3)
  8 ball pythons
  2 bats (D:1)
  An endoplasm (D:1)
  3 giant cockroaches
  6 goblins
  4 hobgoblins
  2 jackals (D:2)
  2 quokkas (D:1)
  A frilled lizard (D:1)
  2 kobolds
  7 rats
46 creatures vanquished.

Notes
Turn   | Place    | Note
-------+----------+-------------------------------------------
     0 | D:1      | HallandMoats the Demonspawn Fighter began the quest for the
                  | Orb.
     0 | D:1      | Reached XP level 1. HP: 18/18 MP: 1/1
   187 | D:1      | Gained mutation: You are partially covered in molten
                  | scales. (AC +2) [demonic ancestry]
   187 | D:1      | Reached XP level 2. HP: 9/24 MP: 2/2
   189 | D:1      | Reached skill level 1 in Invocations
   779 | D:1      | Gained mutation: You regenerate a little health from kills.
                  | [demonic ancestry]
   779 | D:1      | Reached XP level 3. HP: 29/29 MP: 4/4
  1918 | D:3      | Found a broken altar of Ashenzari.
  1953 | D:3      | Reached XP level 4. HP: 23/35 MP: 5/5
  1989 | D:3      | HP: 1/52 [something (3)]
  1993 | D:3      | Slain by an orc wizard

Illustrated notes

Levels and vault maps discovered:
D:1:      psy_arrival_conway, layout_rooms
D:2:      layout_loops_corners, nrook_mini_vaults, kennysheep_generic_room_7
D:3:      layout_basic, old_standard_altar, kennysheep_flooded_box, uniq_ijyb

Skill      XL: |  1  2  3 |
---------------+----------+-----
Invocations    | 1 2 |  2.1
Axes           | 2 |  2.2
Armour         | 3 |  3.0
Fighting       | |  3.5
Dodging        | |  0.8
Shields        | |  2.9

Action                   |  1- 3 |  4- 6 || total
-------------------------+-------+-------++-------
Melee: War axe           |   109 |    19 ||   128
  Use: Potion            |       |     2 ||     2
Armor: Scale mail        |    80 |     4 ||    84
       Skin              |       |    20 ||    20
Dodge: Dodged            |    55 |     2 ||    57
Block: Buckler           |    30 |     6 ||    36
